 Dungeon Crawl Stone Soup version 0.30-a0-509-gd016549fea (webtiles) character file.

Game seed: 5241295868317103852

402 bande the Chopper (level 6, -1/39 HPs)
             Began as a Gargoyle Fighter on Dec 23, 2022.
             Slain by a gnoll
             ... wielding a +0 halberd
             ... led by a gnoll bouda
              (3 damage)
             ... on level 4 of the Dungeon.
             The game lasted 00:04:43 (2613 turns).

bande the Chopper (Gargoyle Fighter)                Turns: 2613, Time: 00:04:44

Health: -1/39      AC: 12    Str: 19    XL:     6   Next: 85%
Magic:  6/6        EV:  9    Int:  9    God:
Gold:   168        SH:  4    Dex: 11    Spells: 5/5 levels left

rFire   + . .      SeeInvis +    a - +0 war axe
rCold   . . .      Faith    .    c - +0 buckler
rNeg    + . .      Spirit   .    o - +0 scale mail {rF+}
rPois   ∞          Reflect  .    (no helmet)
rElec   +          Harm     .    n - +0 cloak
rCorr   .          Rampage  .    (no gloves)
Will    .....                    (no boots)
Stlth   ..........               (no amulet)
HPRegen 0.26/turn                k - ring of see invisible
MPRegen 0.10/turn                (no ring)

@: no status effects
A: sickness immunity, AC +4, negative energy resistance 1, electricity
resistance, torment resistance 1, petrification resistance
a: no special abilities


You were on level 4 of the Dungeon.
You visited 1 branch of the dungeon, and saw 4 of its levels.

You collected 168 gold pieces.

Inventory:

Hand Weapons
 a - a +0 war axe (weapon)
 p - a +0 morningstar
Armour
 c - a +0 buckler (worn)
 n - a +0 cloak (worn)
 o - a +0 scale mail of fire resistance (worn)
Jewellery
 k - a ring of see invisible (left hand)
Scrolls
 e - 4 scrolls of teleportation
Potions
 b - a potion of resistance {unknown}
 d - a potion of invisibility {unknown}
 f - a potion of haste {unknown}
 g - a potion of cancellation {unknown}
 h - a potion of heal wounds {unknown}
 j - a potion of curing {unknown}
 m - a potion of might


   Skills:
 + Level 4.5 Fighting
 + Level 4.8 Axes
 + Level 4.4 Armour
 + Level 4.2 Shields


You had 5 spell levels left.
You didn't know any spells.
Your spell library contained the following spells:

 Spells                   Type           Power      Damage    Failure   Level
 Summon Small Mammal      Summ           0%         N/A       83%         1
 Call Canine Familiar     Summ           0%         N/A       99%         3
 Summon Guardian Golem    Hex/Summ       0%         N/A       99%         3


Dungeon Overview and Level Annotations

Branches:
Dungeon (4/15)
 Temple: D:4-7

Altars:


Innate Abilities, Weirdness & Mutations

You are immune to sickness and miasma.
Your stone body is resilient. (AC +4)
You are immune to poison.
You resist negative energy. (rN+)
You are resistant to electric shocks. (rElec)
You are resistant to unholy torment.
You are immune to petrification.


Message History

The gnoll hits you with a +0 flail. The gnoll bouda barely misses you.
The gnoll barely misses you.
You hit the gnoll but do no damage.
The gnoll is severely wounded.
You barely miss the gnoll bouda. You barely miss the gnoll. You hit the gnoll.
You block the gnoll's attack. The gnoll hits you but does no damage.
You block the gnoll's attack.
The gnoll bouda hits you with a +0 club.
The gnoll hits you from afar with a +0 halberd!
The gnoll hits you with a +1 flail of protection.
You are too injured to fight recklessly!
You are too injured to fight recklessly!
You are too injured to fight recklessly!
You are too injured to fight recklessly!
You are too injured to fight recklessly!
You are too injured to fight recklessly!
You are too injured to fight recklessly!
Unknown command.
You hit the gnoll bouda.
The gnoll bouda is moderately wounded.
You barely miss the gnoll. You hit the gnoll but do no damage. x2
You block the gnoll's attack. The gnoll closely misses you.
The gnoll bouda calls upon its god to heal the gnoll.
The gnoll is healed somewhat.
You block the gnoll's attack.
The gnoll hits you with a +1 flail of protection.
The gnoll hits you but does no damage. The gnoll hits you with a +0 flail.
* * * LOW HITPOINT WARNING * * *
You closely miss the gnoll bouda.
The gnoll bouda is lightly wounded.
You closely miss the gnoll. You slash the gnoll!
You kill the gnoll!
You hit the gnoll.
The gnoll bouda hits you with a +0 club.
* * * LOW HITPOINT WARNING * * *
The gnoll barely misses you. You block the gnoll's attack.
The gnoll hits you with a +0 spear.
* * * LOW HITPOINT WARNING * * *
The gnoll bouda barely misses you.
The gnoll hits you from afar with a +0 halberd.
You die...

######...##..!.)#.##
#..............)....
#..............††###
#................###
#..<................
#.................##
**#####...............>##
*,......g..............#
*,......g@.#####.......###
*,.)....)g.# #...###....
*,......g..# #...# #####
*,.........# #...#
*,.........# #####
*,.........# **##########


You could see a gnoll bouda and 3 gnolls.

Vanquished Creatures
  Sigmund (D:2)
  Crazy Yiuf (D:2)
  Natasha (thrice) (D:3)
  5 adders
  2 gnolls (D:4)
  2 dart slugs
  3 orcs (D:4)
  4 bats (D:2)
  9 endoplasms
  4 giant cockroaches
  9 goblins
  7 hobgoblins
  4 jackals (D:1)
  3 kobolds
  2 quokkas (D:1)
  8 ball pythons
  4 frilled lizards (D:2)
  6 rats
77 creatures vanquished.

Notes
Turn   | Place    | Note
-------+----------+-------------------------------------------
     0 | D:1      | bande the Gargoyle Fighter began the quest for the Orb.
     0 | D:1      | Reached XP level 1. HP: 14/14 MP: 1/1
   119 | D:1      | Reached XP level 2. HP: 13/19 MP: 2/2
   554 | D:1      | Reached XP level 3. HP: 23/23 MP: 3/3
   965 | D:2      | Reached XP level 4. HP: 29/29 MP: 4/4
  1079 | D:2      | Noticed Sigmund
  1089 | D:2      | Killed Sigmund
  1090 | D:2      | Reached XP level 5. HP: 12/33 MP: 5/5
  1090 | D:2      | Reached XP level 6. HP: 14/38 MP: 6/6
  1642 | D:2      | Found a runed translucent door.
  1643 | D:2      | Noticed Crazy Yiuf
  1652 | D:2      | Killed Crazy Yiuf
  1874 | D:3      | Noticed Natasha
  1883 | D:3      | Killed Natasha
  1954 | D:3      | Noticed Natasha
  1961 | D:3      | Killed Natasha
  2085 | D:3      | Noticed Natasha
  2089 | D:3      | Killed Natasha
  2613 | D:4      | Slain by a gnoll

Illustrated notes

Levels and vault maps discovered:
D:1:      amcnicky_arrival_gap_in_the_tavern_cellar, layout_loops_cross
D:2:      layout_loops_ring, st_stairs_12, minmay_split_cup_small,
          uniq_crazy_yiuf_cottage, uniq_sigmund
D:3:      layout_loops_ring, hex_large, kennysheep_generic_room_8, uniq_natasha
D:4:      layout_basic, nicolae_gozag_seed_capital,
          chequers_temple_overflow_statue_of_worship

Skill      XL: |  1  2  3  4  5  6 |
---------------+-------------------+-----
Axes           | 2 4 |  4.8
Fighting       | 4 |  4.5
Armour         | 4 |  4.4
Shields        | 4 |  4.2

Action                   |  1- 3 |  4- 6 || total
-------------------------+-------+-------++-------
Melee: War axe           |   121 |   104 ||   225
  Use: Potion            |       |     1 ||     1
       Scroll            |       |     9 ||     9
Armor: Scale mail        |    72 |    58 ||   130
Dodge: Dodged            |    53 |    57 ||   110
Block: Buckler           |    27 |    33 ||    60

Table legend: (Time is in decaauts)
 A = Elapsed time spent in this place.
 B = Non-inter-level travel time spent in this place.
 C = Inter-level travel time spent in this place.
 D = Time resting spent in this place.
 E = Time spent auto-exploring this place.
 F = Levels seen in this place.
 G = Mean time per level.
                   A        B        C        D        E       F      G
               +--------+--------+--------+--------+--------+-----+--------+
         Total |   2716 |   2613 |    103 |    187 |   1782 |   4 |  679.0 |
       Dungeon |   2716 |   2613 |    103 |    187 |   1782 |   4 |  679.0 |
               +--------+--------+--------+--------+--------+-----+--------+

Top non-repeatable levels by time:
     D:2: 1095 daAuts
     D:3: 737 daAuts
     D:1: 711 daAuts
     D:4: 172 daAuts
